 Dungeon Crawl Stone Soup version 0.31-a0-175-g9f7f995f2b (webtiles) character file.

Game seed: 9231658895683020631

56 qw the Shooter (level 3, -1/32 HPs)
             Began as a Naga Hunter on June 17, 2023.
             Slain by Terence
             ... wielding a +5 mace of protection
              (5 damage)
             ... on level 2 of the Dungeon.
             The game lasted 00:00:21 (739 turns).

qw the Shooter (Naga Hunter)                         Turns: 739, Time: 00:00:21

Health: -1/32      AC:  2    Str: 13    XL:     3   Next: 97%
Magic:  3/3        EV:  9    Int:  9    God:
Gold:   62         SH:  0    Dex: 16    Spells: 2/2 levels left

rFire   . . .        Y - +0 shortbow
rCold   . . .        (shield currently unavailable)
rNeg    . . .        c - +0 leather armour
rPois   +            (no helmet)
rElec   .            (no cloak)
rCorr   .            (no gloves)
SInv    +            (no barding)
Will    .....        (no amulet)
Stlth   ++           (no ring)
HPRegen 0.25/turn    (no ring)
MPRegen 0.08/turn

%: no passive effects
@: short of breath, very slow
A: AC +1, large, see invisible, deformed body, poison resistance, slowness 2,
spit poison 1, naga tail 1
a: Spit Poison


You were on level 2 of the Dungeon.
You visited 1 branch of the dungeon, and saw 2 of its levels.

You collected 62 gold pieces.


Innate Abilities, Weirdness & Mutations

Your serpentine skin is tough. (AC +1)
You have supernaturally acute eyesight. (SInv)
Armour fits poorly on your strangely shaped body.
Your system is resistant to poisons. (rPois)
You cover ground very slowly.
You can spit poison.
You have a snake-like lower body.


   Skills:
 + Level 2.0 Fighting
 - Level 5.0 Ranged Weapons
 - Level 1.5 Dodging
 - Level 1.5 Stealth


You had 2 spell levels left.
You didn't know any spells.
Your spell library was empty.

Inventory:

Hand Weapons
 Y - a +0 shortbow (weapon)
Armour
 c - a +0 leather armour (worn)

Dungeon Overview and Level Annotations

Branches:
Dungeon (2/15)

Altars:

Annotations:
D:2 Terence


Message History

Terence is lightly wounded.
You have got your breath back.
The adder barely misses you.
733 ||| INVOKING Spit Poison.
Aiming: Spit Poison (2% risk of failure)
Press: ? - help, Shift-Dir - straight line, f/p - adder The splash of poison misses the adder.
The splash of poison hits Terence but does no damage.
Terence is poisoned.
Terence is lightly wounded.
The adder bites you. x2
You shoot an arrow. The arrow closely misses the adder.
The arrow barely misses Terence.
The adder bites you but does no damage.
You shoot an arrow. The arrow misses the adder.
The arrow hits Terence but does no damage.
Terence is moderately wounded.
You kill the adder!
Your Ranged Weapons skill increases to level 5!
You shoot an arrow.
The arrow hits Terence but does no damage.
Terence is moderately wounded.
Terence hits you with a +5 mace of protection.
You shoot an arrow.
The arrow hits Terence but does no damage.
Terence is moderately wounded.
You have got your breath back.
Terence hits you with a +5 mace of protection!
Terence hits you with a +5 mace of protection.
738 ||| INVOKING Spit Poison.
Aiming: Spit Poison (2% risk of failure)
Press: ? - help, Shift-Dir - straight line, f/p - Terence The splash of poison hits Terence but does no damage.
Terence is moderately wounded.
Terence barely misses you.
You shoot an arrow. The arrow hits Terence.
Terence is heavily wounded.
Terence looks more healthy.
Terence hits you with a +5 mace of protection.
You die...

### ..# # #.# # #.#
######### #
#####.#####.......#
#
#...........#####.#
# #.###.#######
#.#### #@#
#######..... #@#
#........... #.#
#.########## ..#
#... ... #.## ....
.... #.....


You could see Terence.

Vanquished Creatures
  2 adders (D:2)
  A worm (D:2)
  A dart slug (D:1)
  A bat (D:1)
  4 endoplasms
  A giant cockroach (D:1)
  4 goblins (D:1)
  4 hobgoblins
  4 kobolds
  3 quokkas
  3 ball pythons (D:1)
  A frilled lizard (D:1)
  A rat (D:2)
30 creatures vanquished.

Notes
Turn   | Place    | Note
-------+----------+-------------------------------------------
     0 | D:1      | qw the Naga Hunter began the quest for the Orb.
     0 | D:1      | Reached XP level 1. HP: 19/19 MP: 1/1
     0 | D:1      | 0 ||| qw: Version: 0.3-a-2-g5ab2908
     0 | D:1      | 0 ||| qw: Game counter: 332
     0 | D:1      | 0 ||| qw: Always use a shield: true
     0 | D:1      | 0 ||| qw: God list: Okawaru
     0 | D:1      | 0 ||| qw: Allow faded altars: false
     0 | D:1      | 0 ||| qw: Do Orc after D:15 true
     0 | D:1      | 0 ||| qw: Do second Lair branch before Depths: true
     0 | D:1      | 0 ||| qw: Lair rune preference: random
     0 | D:1      | 0 ||| qw: Plans: Normal
     0 | D:1      | 0 ||| PLANNING D:1-11
    15 | D:1      | 15 ||| INVOKING Spit Poison.
    36 | D:1      | 36 ||| INVOKING Spit Poison.
    42 | D:1      | 42 ||| INVOKING Spit Poison.
    63 | D:1      | 63 ||| INVOKING Spit Poison.
    70 | D:1      | 70 ||| INVOKING Spit Poison.
    74 | D:1      | Reached skill level 4 in Ranged Weapons
    74 | D:1      | Reached XP level 2. HP: 26/26 MP: 2/2
   101 | D:1      | 101 ||| INVOKING Spit Poison.
   143 | D:1      | 143 ||| INVOKING Spit Poison.
   287 | D:1      | 287 ||| INVOKING Spit Poison.
   299 | D:1      | 299 ||| INVOKING Spit Poison.
   305 | D:1      | 305 ||| INVOKING Spit Poison.
   309 | D:1      | 309 ||| INVOKING Spit Poison.
   310 | D:1      | Reached XP level 3. HP: 26/32 MP: 3/3
   340 | D:1      | 340 ||| INVOKING Spit Poison.
   441 | D:1      | Found a faded altar of an unknown god.
   511 | D:1      | 511 ||| READING scroll labelled TASKAR DEXUH.
   512 | D:1      | 512 ||| READING 4 scrolls labelled YGHY ZIOGERIWN.
   513 | D:1      | 513 ||| READING scroll labelled WAUWNOQI MIVOG.
   514 | D:1      | 514 ||| DROPPING scroll of butterflies.
   515 | D:1      | 515 ||| DROPPING 3 scrolls of revelation.
   572 | D:2      | 572 ||| INVOKING Spit Poison.
   578 | D:2      | 578 ||| INVOKING Spit Poison.
   606 | D:2      | 606 ||| INVOKING Spit Poison.
   612 | D:2      | 612 ||| INVOKING Spit Poison.
   684 | D:2      | 684 ||| INVOKING Spit Poison.
   700 | D:2      | 700 ||| INVOKING Spit Poison.
   724 | D:2      | 724 ||| INVOKING Spit Poison.
   729 | D:2      | 729 ||| INVOKING Spit Poison.
   729 | D:2      | Noticed Terence
   733 | D:2      | 733 ||| INVOKING Spit Poison.
   736 | D:2      | Reached skill level 5 in Ranged Weapons
   737 | D:2      | HP: 4/32 [Terence/+5 mace of protection (5)]
   738 | D:2      | 738 ||| INVOKING Spit Poison.
   739 | D:2      | Slain by Terence

Levels and vault maps discovered:
D:1:      minmay_arrival_doors, layout_rooms,
          hellmonk_ecumenical_altar_pennies_from_heaven, minmay_quantized
D:2:      layout_loops_ring, nicolae_figureground_pulse, uniq_terence,
          uniq_jessica, uniq_robin

Skill      XL: |  1  2  3 |
---------------+----------+-----
Ranged Weapons | 4 5 |  5.0
Fighting       | |  2.0
Dodging        | |  1.5
Stealth        | |  1.5

Action                     || total
---------------------------++-------
   Fire: Shortbow          ||    63
Ability: Spit Poison       ||    22
    Use: Scroll            ||     3
 Armour: Leather armour    ||     2
  Dodge: Dodged            ||    10

Table legend:
 A = Non-vault XP
 B = Vault XP
 C = Vault XP percentage of total XP
 D = Non-vault monster count
 E = Vault monster count
 F = Vault count percentage of total count
                 A         B        C        D         E       F
            +---------+---------+-------+---------+---------+-------
      Total |      71 |      10 |  12.3 |      26 |       4 |  13.3
            +---------+---------+-------+---------+---------+-------
        D:1 |      30 |      10 |  25.0 |      17 |       4 |  19.0
        D:2 |      41 |       0 |   0.0 |       9 |       0 |   0.0
            +---------+---------+-------+---------+---------+-------
